 Dungeon Crawl Stone Soup version 0.26-a0-540-g8a0c9464d7 (webtiles) character file.

Game seed: 2999613279130976340

386 graki42 the Magician (level 6, -9/32 HPs)
             Began as a Spriggan Conjurer on Aug 18, 2020.
             Was a Follower of Vehumet.
             Mangled by Grinder (12 damage)
             ... while paralysed by Grinder
             ... on level 3 of the Dungeon.
             The game lasted 00:11:34 (3686 turns).

graki42 the Magician (Spriggan Conjurer)            Turns: 3686, Time: 00:11:34

Health: -9/32      AC:  4    Str:  5    XL:     6   Next: 48%
Magic:  5/15       EV:  4    Int: 19    God:    Vehumet [*.....]
Gold:   208        SH:  0    Dex: 15    Spells: 12/15 levels left

rFire    + . .     SeeInvis +   (weapon restricted)
rCold    . . .     Faith    .   (shield restricted)
rNeg     . . .     Spirit   .   k - +2 robe {rF+}
rPois    .         Reflect  .   (helmet restricted)
rElec    .         Harm     .   (no cloak)
rCorr    .                      (gloves unavailable)
MR       +....                  (boots unavailable)
Stlth    ++........             (no amulet)
HPRegen  0.10/turn              (no ring)
MPRegen  0.14/turn              (no ring)

@: paralysed, very quick
A: very small, unfitting armour, see invisible, speed 3
a: Renounce Religion


You were on level 3 of the Dungeon.
You worshipped Vehumet.
Vehumet was aware of your devotion.
You visited 2 branches of the dungeon, and saw 5 of its levels.

You collected 208 gold pieces.

Inventory:

Armour
 k - a +2 robe of fire resistance (worn)
Scrolls
 a - 2 scrolls of enchant armour {unknown}
 b - 2 scrolls of remove curse {unknown}
 c - 3 scrolls of amnesia {unknown}
 e - 2 scrolls of immolation {unknown}
 j - 5 scrolls of identify {unknown}
 l - 2 scrolls of teleportation {unknown}
Potions
 d - 2 potions of mutation {unknown}
 f - a potion of berserk rage {unknown}
 g - 4 potions of curing {unknown}
 h - a potion of haste {unknown}
 i - a potion of stabbing {unknown}
 m - a potion of ambrosia {unknown}


   Skills:
 + Level 2.9 Fighting
 - Level 3.0 Dodging
 - Level 3.0 Stealth
 + Level 5.3 Spellcasting
 + Level 4.2 Conjurations


You had 12 spell levels left.
You knew the following spells:

 Your Spells              Type           Power        Failure   Level
a - Magic Dart            Conj           ###.         2%          1
b - Searing Ray           Conj           ###...       3%          2

Your spell library contained the following spells:

 Spells                   Type           Power        Failure   Level
 Freeze                   Ice            #...         12%         1
 Dazzling Flash           Conj/Hex       ##....       16%         3
 Fulminant Prism          Conj/Hex       ##........   45%         4
 Iskenderun's Mystic Bla  Conj/Tloc      ##......     45%         4


Dungeon Overview and Level Annotations

Branches:
Dungeon (4/15)             Temple (1/1) D:4

Altars:
Ashenzari
Cheibriados
Dithmenos
Fedhas
Gozag
Hepliaklqana
Kikubaaqudgha
Makhleb
Nemelex Xobeh
Okawaru
Ru
Sif Muna
Trog
Vehumet
Wu Jian
Yredelemnul
Zin

Annotations:
D:3 Grinder


Innate Abilities, Weirdness & Mutations

You are very small and have problems with some larger weapons.
You are too small for most types of armour.
You have supernaturally acute eyesight. (SInv)
You cover ground extremely quickly.


Message History

The searing ray misses Grinder.
Grinder gestures at you.
You easily resist.
Unknown command.
The searing ray misses Grinder.
Grinder hits you.
You writhe in agony.
Unknown command.
The searing ray hits Grinder.
Grinder is almost dead.
You finish channeling your searing ray.
Grinder gestures at you.
You suddenly lose the ability to move!
Grinder hits you but does no damage. Grinder hits you! Grinder hits you!
* * * LOW HITPOINT WARNING * * *
You writhe in agony.
* * * LOW HITPOINT WARNING * * *
Grinder barely misses you. Grinder hits you!
You die...

o########....###.### ...
##.##### .#.####....#.#
#.#.. .. #..
.#....'.[..#.# #.#.#.?
.r# ......#....#.# #.#.#.
. ..# ..<......(.# #.#..
##..
..........<#.###.#.#...$.
####......)#.....#†...##
#.#.....#####.5.$...# ##
#.........# #@#.#...# #.
#. ###.^....[# #.#... .#
#.# #. #.......###)####..
#.# #. ####....)...# ...
#.####. #....##### .#
#.#.... #....# # #
#.#.... #....#
#.###.#.... ######
#.#...'...< #...#.#...#


You could see Grinder (strong).

Vanquished Creatures
  Sigmund (D:2)
  2 orc wizards (D:3)
  Jessica (D:2)
  A hound skeleton (D:4)
  Robin (D:2)
  5 adders
  An ufetubus (D:4)
  An adder skeleton (D:4)
  4 worms
  A dart slug (D:2)
  2 leopard geckos
  4 orcs (D:3)
  8 bats
  A giant cockroach (D:2)
  9 goblins
  7 hobgoblins
  3 jackals (D:3)
  3 kobolds
  2 quokkas
  3 ball pythons (D:3)
  7 frilled lizards
  5 rats
72 creatures vanquished.

Vanquished Creatures (others)
  A giant cockroach (D:4)
1 creature vanquished.

Grand Total: 73 creatures vanquished

Notes
Turn   | Place    | Note
-------+----------+-------------------------------------------
     0 | D:1      | graki42 the Spriggan Conjurer began the quest for the Orb.
     0 | D:1      | Reached XP level 1. HP: 9/9 MP: 5/5
   258 | D:1      | Reached skill level 3 in Spellcasting
   303 | D:1      | Reached XP level 2. HP: 14/14 MP: 0/7
   374 | D:1      | Learned a level 2 spell: Searing Ray
   755 | D:2      | Noticed Sigmund
  1188 | D:4      | Reached skill level 1 in Fighting
  1188 | D:4      | Reached XP level 3. HP: 15/18 MP: 1/8
  1268 | D:4      | Found a staircase to the Ecumenical Temple.
  1277 | Temple   | Entered the Ecumenical Temple
  1340 | Temple   | Became a worshipper of Vehumet
  1670 | D:4      | Found a blossoming altar of Fedhas.
  2091 | D:3      | Found a sparkling altar of Nemelex Xobeh.
  2095 | D:3      | Reached XP level 4. HP: 22/22 MP: 6/10
  2317 | D:3      | Noticed Grinder
  2442 | D:2      | Found a hazy altar of Hepliaklqana.
  2448 | D:2      | Killed Sigmund
  2448 | D:2      | Reached * piety under Vehumet
  2448 | D:2      | Offered knowledge of Freeze by Vehumet.
  2448 | D:2      | Reached skill level 4 in Spellcasting
  2448 | D:2      | Reached XP level 5. HP: 26/27 MP: 3/13
  2776 | D:2      | Noticed Robin
  2780 | D:2      | Killed Robin
  3118 | D:2      | Reached XP level 6. HP: 32/32 MP: 12/14
  3148 | D:2      | Reached skill level 5 in Spellcasting
  3194 | D:2      | Found a faded altar of an unknown god.
  3205 | D:2      | Noticed Jessica
  3210 | D:2      | Killed Jessica
  3325 | D:2      | Found a basalt altar of Yredelemnul.
  3681 | D:3      | Paralysed by Grinder for 7 turns
  3686 | D:3      | Mangled by Grinder

Illustrated notes

Levels and vault maps discovered:
D:1:      enne_arrival_octagon_isle, layout_rooms
D:2:      layout_rooms, nicolae_overflow_crystal_walls,
          lemuel_coloured_pillars_altar, chequers_ecumenical_altar_lobes,
          uniq_robin, uniq_sigmund, uniq_jessica
D:3:      layout_basic, old_standard_altar, gammafunk_temple_overflow_forgotten,
          small_statue_intersection, uniq_grinder
D:4:      layout_basic, lemuel_temple_firewalk_b, fedhas_altar_2
Temple:   eino_temple_scatter_basement

Skill      XL: |  1  2  3  4  5  6 |
---------------+-------------------+-----
Conjurations   | 3 4 |  4.2
Spellcasting   | 3 4 5 |  5.3
Fighting       | 1 2 |  2.9
Dodging        | |  3.0
Stealth        | |  3.0

Action                   |  1- 3 |  4- 6 || total
-------------------------+-------+-------++-------
Melee: Unarmed           |     8 |       ||     8
 Cast: Magic Dart        |    82 |    54 ||   136
       Searing Ray       |     4 |    15 ||    19
Armor: Robe              |       |     3 ||     3
Dodge: Dodged            |    39 |    17 ||    56

Table legend: (Time is in decaauts)
 A = Elapsed time spent in this place.
 B = Non-inter-level travel time spent in this place.
 C = Inter-level travel time spent in this place.
 D = Time resting spent in this place.
 E = Time spent auto-exploring this place.
 F = Levels seen in this place.
 G = Mean time per level.
                   A        B        C        D        E       F      G
               +--------+--------+--------+--------+--------+-----+--------+
         Total |   3097 |   3040 |     57 |   1276 |   1350 |   5 |  619.4 |
       Dungeon |   3047 |   3001 |     46 |   1276 |   1315 |   4 |  761.8 |
        Temple |     50 |     39 |     11 |      0 |     34 |   1 |   50.0 |
               +--------+--------+--------+--------+--------+-----+--------+

Top non-repeatable levels by time:
     D:2: 972 daAuts
     D:3: 761 daAuts
     D:4: 734 daAuts
     D:1: 579 daAuts
  Temple: 50 daAuts
